 Dungeon Crawl Stone Soup version 0.27.1-3-gb3d3a73c9e (webtiles) character file.

Game seed: 7841805960940550213

205 Descartes the Magician (level 5, 0/28 HPs)
             Began as a Deep Elf Wanderer on Oct 13, 2021.
             Slain by a gnoll (11 damage)
             ... on level 3 of the Dungeon.
             The game lasted 00:06:15 (3069 turns).

Descartes the Magician (Deep Elf Wanderer)          Turns: 3069, Time: 00:06:15

Health: 0/28       AC:  2    Str:  8    XL:     5   Next: 52%
Magic:  12/16      EV: 11    Int: 19    God:
Gold:   95         SH:  0    Dex: 14    Spells: 16/18 levels left

rFire    . . .     SeeInvis .   e - +1 dagger (venom)
rCold    . . .     Faith    .   (no shield)
rNeg     . . .     Spirit   .   b - +0 robe
rPois    .         Reflect  .   (no helmet)
rElec    .         Harm     .   (no cloak)
rCorr    .         Rampage  .   (no gloves)
Will     .....                  (no boots)
Stlth    ++........             (no amulet)
HPRegen  0.09/turn              (no ring)
MPRegen  0.15/turn              (no ring)

@: no status effects
A: no striking features
a: no special abilities


You were on level 3 of the Dungeon.
You visited 1 branch of the dungeon, and saw 3 of its levels.

You collected 95 gold pieces.

Inventory:

Hand Weapons
 a - a +0 dagger
 e - a +1 dagger of venom (weapon)
Missiles
 d - 106 stones (quivered)
 f - 55 arrows
Armour
 b - a +0 robe (worn)
Jewellery
 g - a ring of wizardry
Scrolls
 h - a scroll of noise {unknown}
 i - a scroll of identify {unknown}
 j - a scroll of vulnerability {unknown}
 l - a scroll of brand weapon {unknown}
Potions
 c - 4 potions of curing
 k - a potion of brilliance {unknown}


   Skills:
 - Level 1.2 Stealth
 - Level 7.2 Spellcasting
 + Level 4.0 Conjurations
 + Level 4.8 Ice Magic
 - Level 1.1 Poison Magic
 - Level 1.1 Evocations


You had 16 spell levels left.
You knew the following spells:

 Your Spells              Type           Power      Damage    Failure   Level
a - Freeze                Ice            100%       1d11      1%          1
b - Magic Dart            Conj           88%        1d7       1%          1

Your spell library contained the following spells:

 Spells                   Type           Power      Damage    Failure   Level
 Frozen Ramparts          Ice            50%        1d7       4%          3
 Poisonous Vapours        Pois/Air       16%        N/A       12%         2
 Conjure Flame            Conj/Fire      14%        6-21      13%         3
 Mephitic Cloud           Conj/Pois/Air  13%        N/A       14%         3
 Blink                    Tloc           N/A        N/A       16%         2
 Call Imp                 Summ           6%         N/A       16%         2
 Corpse Rot               Necr/Air       N/A        N/A       16%         2
 Slow                     Hex            6%         N/A       16%         2
 Ignite Poison            Fire/Tmut/Pois 8%         N/A       26%         3
 Freezing Cloud           Conj/Ice/Air   9%         6-21      63%         5
 Bolt of Magma            Conj/Fire/Erth 6%         4d6       85%         5


Dungeon Overview and Level Annotations

Branches:
Dungeon (3/15)

Altars:
Ashenzari


Message History

Confirm with . or Enter, or press ? or * to list all spells.
Aiming: Freeze (safe; 1% risk of failure)
Press: ? - help, Shift-Dir - straight line, f - gnoll
Aim: a gnoll, wielding a +0 flail You freeze the gnoll.
The gnoll is moderately wounded.
The gnoll hits you from afar with a +0 spear!
A rat comes into view.
Casting: Freeze (safe; 1% risk of failure)
Confirm with . or Enter, or press ? or * to list all spells.
Aiming: Freeze (safe; 1% risk of failure)
Press: ? - help, Shift-Dir - straight line, f - gnoll, p - gnoll
Aim: a gnoll, wielding a +0 club You freeze the gnoll.
The gnoll is moderately wounded.
The gnoll closely misses you.
Casting: Freeze (safe; 1% risk of failure)
Confirm with . or Enter, or press ? or * to list all spells.
Aiming: Freeze (safe; 1% risk of failure)
Press: ? - help, Shift-Dir - straight line, f/p - gnoll
Aim: a gnoll, wielding a +0 club (moderately wounded)
You freeze the gnoll!
You kill the gnoll!
Casting: Freeze (safe; 1% risk of failure)
Confirm with . or Enter, or press ? or * to list all spells.
Aiming: Freeze (safe; 1% risk of failure)
Press: ? - help, Shift-Dir - straight line, f - gnoll
Aim: a gnoll, wielding a +0 flail (moderately wounded)
You freeze the gnoll.
The gnoll is heavily wounded.
The gnoll hits you with a +0 flail.
Casting: Freeze (safe; 1% risk of failure)
Confirm with . or Enter, or press ? or * to list all spells.
Aiming: Freeze (safe; 1% risk of failure)
Press: ? - help, Shift-Dir - straight line, f/p - gnoll
Aim: a gnoll, wielding a +0 flail (heavily wounded)
You freeze the gnoll.
The gnoll is almost dead.
The gnoll hits you with a +0 flail!
You die...

#......... .....
#......... ..# ...
#......... ..
###'#########.........
#.##..........##........>
..#..........##.........
#.#..........##.........
#.#..........##gg.r..$..
#.....†.......@##.......
##.##'###..............#
#.##†# #..............+
#.##.# #####...........
#.##.# #.......###.
#.##'#######.........
#....................
##..........(........
#...........#.#+#..


You could see 2 gnolls and a rat.

Vanquished Creatures
  An orc priest (D:2)
  A hound (D:3)
  Terence (D:2)
  An orc wizard (D:2)
  2 adders (D:2)
  A gnoll (D:3)
  2 dart slugs (D:1)
  5 orcs (D:2)
  8 bats
  2 endoplasms
  6 giant cockroaches
  8 goblins
  2 hobgoblins
  3 quokkas
  7 ball pythons (D:2)
  A frilled lizard (D:2)
  6 kobolds
  A rat (D:3)
58 creatures vanquished.

Notes
Turn   | Place    | Note
-------+----------+-------------------------------------------
     0 | D:1      | Descartes the Deep Elf Wanderer began the quest for the
                  | Orb.
     0 | D:1      | Descartes set off with the following items: a +0 dagger, a
                  | +0 robe, a potion of curing; and the following spells
                  | available to memorise: Freeze, Magic Dart, Frozen Ramparts,
                  | Blink, Call Imp, Slow, Mephitic Cloud, Conjure Flame
     0 | D:1      | Reached XP level 1. HP: 10/10 MP: 10/10
    60 | D:1      | Learned a level 1 spell: Freeze
    62 | D:1      | Learned a level 1 spell: Magic Dart
   203 | D:1      | Reached skill level 1 in Conjurations
   205 | D:1      | Reached XP level 2. HP: 15/15 MP: 8/12
   889 | D:1      | Reached XP level 3. HP: 13/19 MP: 10/13
  1362 | D:2      | Found a faded altar of an unknown god.
  1652 | D:2      | Noticed Terence
  1662 | D:2      | Killed Terence
  1663 | D:2      | Reached XP level 4. HP: 14/24 MP: 9/15
  2464 | D:2      | Reached XP level 5. HP: 19/28 MP: 7/16
  2850 | D:3      | Found a broken altar of Ashenzari.
  3069 | D:3      | Slain by a gnoll

Illustrated notes

Levels and vault maps discovered:
D:1:      minmay_arrival_shattered_statue, layout_basic, minmay_cupped
D:2:      cheibrodos_pilgrimage, layout_loops_corners,
          shapermc_ecumenical_altar_starsandcircs, uniq_terence
D:3:      layout_basic, mainiacjoe_overflow_chevrons, serial_shops,
          nicolae_shop_behind_doors, grunt_ministairs_2, minmay_unequal

Skill      XL: |  1  2  3  4  5 |
---------------+----------------+-----
Conjurations   | 1 2 3 4 |  4.0
Ice Magic      | 3 4 |  4.8
Stealth        | |  1.2
Spellcasting   | |  7.2
Poison Magic   | |  1.1
Evocations     | |  1.1

Action                   |  1- 3 |  4- 6 || total
-------------------------+-------+-------++-------
Melee: Dagger            |    13 |    16 ||    29
 Cast: Freeze            |    49 |    41 ||    90
       Magic Dart        |     2 |       ||     2
 Stab: Sleeping          |     1 |     1 ||     2
Armor: Robe              |    13 |     5 ||    18
Dodge: Dodged            |    31 |    17 ||    48
